 Dungeon Crawl Stone Soup version 0.29-a0-362-g5854e031c7 (webtiles) character file.

Game seed: 10970400451009639377

6 lucidbluej the Slasher (level 1, -2/20 HPs)
             Began as a Minotaur Berserker on Apr 29, 2022.
             Was a Follower of Trog.
             Succumbed to a goblin's poison
             ... on level 2 of the Dungeon.
             The game lasted 00:00:18 (24 turns).

lucidbluej the Slasher (Minotaur Berserker)           Turns: 24, Time: 00:00:18

Health: -2/20      AC:  2    Str: 21    XL:     1   Next: 75%
Magic:  0/0        EV: 12    Int:  4    God:    Trog [*.....]
Gold:   0          SH:  0    Dex:  9    Spells: 0/0 levels left

rFire   . . .      SeeInvis .   a - +0 falchion
rCold   . . .      Faith    .   (no shield)
rNeg    . . .      Spirit   .   b - +0 animal skin
rPois   .          Reflect  .   (helmet restricted)
rElec   .          Harm     .   (no cloak)
rCorr   .          Rampage  .   (no gloves)
Will    .....                   (no boots)
Stlth   +.........              (no amulet)
HPRegen 0.06/turn               (no ring)
MPRegen 0.07/turn               (no ring)

@: lethally poisoned (-2 -> -13)
A: horns 2, retaliatory headbutt
a: Renounce Religion, Berserk


You were on level 2 of the Dungeon.
You worshipped Trog.
Trog was aware of your devotion.
You visited 1 branch of the dungeon, and saw 2 of its levels.

Inventory:

Hand Weapons
 a - a +0 falchion (weapon)
Armour
 b - a +0 animal skin (worn)


   Skills:
 + Level 3.8 Fighting
 + Level 3.8 Long Blades
 + Level 2.5 Armour
 + Level 2.2 Dodging


You couldn't memorise any spells.
You didn't know any spells.
Your spell library was empty.

Dungeon Overview and Level Annotations

Branches:
Dungeon (2/15)

Altars:

Annotations:
D:2 Robin


Innate Abilities, Weirdness & Mutations

You have a pair of horns on your head.
You reflexively headbutt those who attack you in melee.


Message History

You headbutt the goblin, but do no damage.
You barely miss the goblin. Your headbutt misses the goblin.
The goblin barely misses you. The goblin misses you.
A goblin comes into view. It is wielding a +0 dagger.
Robin throws the goblin at you!
The goblin unwields a +0 hunting sling.
The goblin wields a +0 club.
The goblin closely misses you.
You hit the goblin. You headbutt the goblin.
The goblin is almost dead.
The rat twitches its whiskers.
The goblin barely misses you. The goblin closely misses you.
You hit the goblin.
You kill the goblin!
Trog accepts your kill. The goblin closely misses you.
The goblin barely misses you. You furiously retaliate!
You headbutt the goblin. Robin throws the goblin at you!
The goblin barely misses you. You furiously retaliate!
You headbutt the goblin!
You kill the goblin!
Trog accepts your kill. The goblin barely misses you. You furiously retaliate!
You headbutt the goblin.
You kill the goblin!
Trog accepts your kill.
You completely miss the goblin.
The goblin hits you with a +4 dagger of venom!
Ouch! That really hurt!
You are lethally poisoned!
The goblin closely misses you.
You slash the goblin!
You kill the goblin!
Trog accepts your kill.
* * * LOW HITPOINT WARNING * * *
You feel very sick. The goblin hits you but does no damage.
You hit the hobgoblin.
You kill the hobgoblin!
Trog accepts your kill.
* * * LOW HITPOINT WARNING * * *
You feel very sick. The goblin closely misses you.
You barely miss Robin.
You die...

#### #..
#.#####..#
#.r@g....#
#.##gg[..#
#.# g#..##
... g# .#
##.. .. #
#.....
#######


You could see Robin, a hobgoblin (strong), 3 goblins and a rat.

Vanquished Creatures
  4 goblins (D:2)
  A hobgoblin (D:2)
5 creatures vanquished.

Notes
Turn   | Place    | Note
-------+----------+-------------------------------------------
     0 | D:1      | lucidbluej the Minotaur Berserker began the quest for the
                  | Orb.
     0 | D:1      | Reached XP level 1. HP: 19/19 MP: 0/0
    14 | D:2      | Noticed Robin
    23 | D:2      | HP: 1/20 [poisoned by a goblin]
    24 | D:2      | Succumbed to a goblin's poison

Illustrated notes

Levels and vault maps discovered:
D:1:      lemuel_arrival_broad_hall, layout_loops_ring,
          nicolae_figureground_pulse
D:2:      layout_loops_cross, basic_altar, hellmonk_ecumenical_altar_blasted,
          serial_shops, shop, uniq_robin, uniq_jessica

Action                   || total
-------------------------++-------
Melee: Falchion          ||     8
       Headbutt          ||     1
Armor: Animal skin       ||     2
Dodge: Dodged            ||    12

Table legend: (Time is in decaauts)
 A = Elapsed time spent in this place.
 B = Non-inter-level travel time spent in this place.
 C = Inter-level travel time spent in this place.
 D = Time resting spent in this place.
 E = Time spent auto-exploring this place.
 F = Levels seen in this place.
 G = Mean time per level.
                   A        B        C        D        E       F      G
               +--------+--------+--------+--------+--------+-----+--------+
         Total |     24 |     24 |      0 |      0 |      0 |   2 |   12.0 |
       Dungeon |     24 |     24 |      0 |      0 |      0 |   2 |   12.0 |
               +--------+--------+--------+--------+--------+-----+--------+

Top non-repeatable levels by time:
     D:1: 14 daAuts
     D:2: 10 daAuts
